AoeStats
← JS

Migration

507822732Analyzed
1v1 RM · 12d ago on Sep 19, 2026· 51m 13s· 2 players
Game mode
Random Map
Map size
132×132
Population
200
Speed
Normal
Resources
Standard
Victory
Conquest
Starting age
Dark Age
Ending age
Imperial Age
RankedLock teamsTeams togetherTeam positionsShared explorationLock speedFull tech treeHidden civsTurbo modeCheats
Victory
Defeat
🇩🇪 Dravidians · Germany
901
+17
🇬🇧 Vikings · United Kingdom
921
-17
Axes and Bows
5:16 Loom
11:58 Feudal Age
12:55 Double-Bit Axe
12:57 Fishing Lines
15:50 Castle Age
15:32 Gold Mining
15:25 Horse Collar
18:49 Wheelbarrow
18:56 Town Watch
20:42 Bow Saw
22:37 Medium Warships
22:34 Town Patrol
24:51 Stone Mining
25:39 Hand Cart
27:17 Gillnets
30:44 Imperial Age
27:57 Demolition Ship
32:26 Heavy Warships
31:39 Man-at-Arms
31:40 Pikeman
32:06 Gambesons
32:00 Siege Elephant
34:11 Long Swordsman
34:47 Fletching
34:57 Padded Archer Armor
35:40 Scale Mail Armor
35:50 Forging
35:41 Padded Archer Armor
35:56 Forging
36:50 Two-Handed Swordsman
37:42 Champion
39:34 Ballistics
40:16 Chemistry
40:58 Conscription
41:45 Horse Collar
43:28 Wootz Steel
44:12 Halberdier
44:53 Squires
48:44 Heavy Scorpion
51:06 Iron Casting
50:46 Chain Mail Armor
JS
9:19 Loom
11:20 Feudal Age
13:36 Double-Bit Axe
14:59 Fletching
20:39 Castle Age
18:51 Fishing Lines
20:20 Town Watch
21:12 Padded Archer Armor
22:35 Town Patrol
26:32 Horse Collar
28:40 Heavy Plow
30:43 Elite Skirmisher
34:21 Imperial Age
32:27 Forging
33:03 Scale Barding Armor
35:21 Bodkin Arrow
35:42 Leather Archer Armor
36:02 Crop Rotation
35:46 Bow Saw
36:16 Scale Mail Armor
36:44 Medium Warships
38:04 Ballistics
40:29 Heavy Warships
43:02 Conscription
44:07 Iron Casting
43:49 Chain Mail Armor
44:09 Gold Mining
44:24 Elite Berserk
46:45 Blast Furnace
46:16 Plate Mail Armor
46:34 Hoardings
46:59 Murder Holes
47:17 Masonry
47:21 Gambesons
48:09 Block Printing
48:53 Bracer
Connection lost

Rejoining the realm…

Still unreachable

The connection could not be restored.

Session expired

The server has moved on; the page needs a fresh start.